 Dungeon Crawl Stone Soup version 0.28.0 (webtiles) character file.

Game seed: 8947854073218605672

788 lyrin the Insei (level 7, -1/34 HPs)
             Began as a Vine Stalker Transmuter on Feb 13, 2022.
             Was a Priest of Makhleb.
             Succumbed to a scorpion's poison
             ... on level 5 of the Dungeon.
             The game lasted 00:06:28 (4855 turns).

lyrin the Insei (Vine Stalker Transmuter)           Turns: 4855, Time: 00:06:28

Health: -1/34      AC:  2    Str: 14    XL:     7   Next: 87%
Magic:  2/11       EV: 13    Int: 13    God:    Makhleb [***...]
Gold:   173        SH:  0    Dex: 15    Spells: 9/10 levels left

rFire   . . .      SeeInvis .     - Unarmed
rCold   . . .      Faith    +   (no shield)
rNeg    . . .      Spirit   +   a - +0 robe
rPois   .          Reflect  .   (no helmet)
rElec   .          Harm     .   (no cloak)
rCorr   .          Rampage  .   (no gloves)
Will    .....                   (no boots)
Stlth   +.........              f - amulet of faith
HPRegen 0.91/turn               (no ring)
MPRegen 0.12/turn               (no ring)

@: mighty, lethally poisoned (-1 -> -7), hasted, very quick
A: fangs 2, regeneration 1, magic shield, antimagic bite, no potion heal 2
a: Renounce Religion, Minor Destruction, Lesser Servant of Makhleb


You were on level 5 of the Dungeon.
You worshipped Makhleb.
Makhleb was most pleased with you.
You visited 1 branch of the dungeon, and saw 5 of its levels.

You collected 173 gold pieces.

Inventory:

Armour
 a - a +0 robe (worn)
Jewellery
 f - an amulet of faith (around neck)
 l - a +6 ring of strength
 p - a +6 ring of intelligence
Wands
 o - a wand of digging (4)
Scrolls
 b - a scroll of holy word {unknown}
 c - 4 scrolls of identify {unknown}
 d - a scroll of teleportation {unknown}
 g - a scroll of amnesia {unknown}
 m - 2 scrolls of enchant armour {unknown}
 n - a scroll of immolation {unknown}
 r - a scroll of blinking {unknown}
 u - a scroll of enchant weapon {unknown}
Potions
 e - a potion of ambrosia {unknown}
 h - 2 potions of might
 i - a potion of brilliance {unknown}
 j - a potion of flight {unknown}
 k - 2 potions of haste
 q - a potion of degeneration {unknown}
 s - a potion of attraction {unknown}
 t - a potion of lignification {unknown}


   Skills:
 + Level 1.8 Fighting
 + Level 2.7 Dodging
 * Level 7.6 Unarmed Combat
 - Level 2.1 Spellcasting
 - Level 2.0 Transmutations
 * Level 3.1 Invocations


You had 9 spell levels left.
You knew the following spells:

 Your Spells              Type           Power      Damage    Failure   Level
a - Beastly Appendage     Tmut           12%        N/A       11%         1

Your spell library contained the following spells:

 Spells                   Type           Power      Damage    Failure   Level
 Wereblood                Tmut           6%         N/A       17%         2
 Spider Form              Tmut/Pois      4%         N/A       45%         3
 Ice Form                 Ice/Tmut       4%         N/A       86%         4
 Animate Dead             Necr           0%         N/A       94%         4
 Borgnjor's Vile Clutch   Necr/Erth      0%         N/A       100%        5
 Death Channel            Necr           0%         N/A       100%        6


Dungeon Overview and Level Annotations

Branches:
Dungeon (5/15)
 Temple: D:4-7

Altars:
Makhleb

Annotations:
D:3 2 transporters, da312102's ghost, amateur GrFi


Innate Abilities, Weirdness & Mutations

You have extremely sharp teeth.
Your natural rate of healing is unusually fast.
When hurt, damage is shared between your health and your magic reserves.
Your bite disrupts and absorbs the magic of your enemies.
Potions cannot restore your health.


Message History

You see here a scroll labelled ZIREJY TIUMA.
u - a scroll labelled ZIREJY TIUMA
Found a stone staircase leading up.
You punch the scorpion! You bite the scorpion. You drain its power.
The scorpion is heavily wounded.
The scorpion stings you.
You closely miss the scorpion.
The scorpion is heavily wounded.
The scorpion stings you.
You closely miss the scorpion.
You bite the scorpion, but do no damage.
The scorpion is heavily wounded.
The scorpion stings you!
You are poisoned.
The scorpion poisons you!
You barely miss the scorpion. Your bite misses the scorpion.
The scorpion is heavily wounded.
You feel sick. The scorpion stings you.
You closely miss the scorpion. You bite the scorpion. You drain its power.
You feel invigorated.
The scorpion is severely wounded.
You feel sick. The scorpion stings you!
You are lethally poisoned!
The scorpion poisons you!
It was a potion of might.
You feel very mighty all of a sudden.
* * * LOW HITPOINT WARNING * * *
You feel very sick. The scorpion barely misses you.
Aiming: Minor Destruction (4% risk of failure)
Press: ? - help, Shift-Dir - straight line, f - scorpion
Aim: a scorpion (severely wounded)
The scorpion resists with some effort.
* * * LOW HITPOINT WARNING * * *
You feel very sick. The scorpion stings you!
* * * LOW HITPOINT WARNING * * *
The scorpion barely misses you.
It was a potion of haste.
You feel yourself speed up.
You die...

.# .... ...# ..
... #... .... .
.....##.......
.. .#......#...
... .$. ...#.#
.. .. ....##
##.#. ##....#..<
#....##.@s......
##...####.... .#
#..### . ..
#.#######
##.#####........
..........####.#
####...#####.
#.........#
##..########


You could see a scorpion.

Vanquished Creatures
  Eustachio (D:4)
  Menkaure (D:3)
  A black bear (D:4)
  An ogre (D:3)
  2 hounds
  2 orc priests (D:4)
  A gnoll shaman (D:4)
  5 adders
  9 gnolls
  2 adder skeletons (D:4)
  A worm (D:4)
  2 dart slugs (D:1)
  7 orcs
  4 bats
  5 endoplasms (D:1)
  5 giant cockroaches
  9 goblins
  3 hobgoblins
  2 jackals (D:3)
  2 quokkas
  6 ball pythons
  10 kobolds
  8 rats
89 creatures vanquished.

Notes
Turn   | Place    | Note
-------+----------+-------------------------------------------
     0 | D:1      | lyrin the Vine Stalker Transmuter began the quest for the
                  | Orb.
     0 | D:1      | Reached XP level 1. HP: 9/9 MP: 4/4
    59 | D:1      | Found a faded altar of an unknown god.
    86 | D:1      | Prayed at the altar of an unknown god.
    86 | D:1      | Became a worshipper of Makhleb the Destroyer
    86 | D:1      | Reached * piety under Makhleb
   211 | D:1      | Reached XP level 2. HP: 14/14 MP: 6/6
   498 | D:1      | You fall into a shaft and drop 1 floor!
   862 | D:2      | Reached skill level 4 in Unarmed Combat
   862 | D:2      | Reached XP level 3. HP: 4/17 MP: 4/7
  1460 | D:1      | Reached ** piety under Makhleb
  1841 | D:2      | Reached skill level 1 in Invocations
  1863 | D:2      | Gained mutation: Your natural rate of healing is unusually
                  | fast. [Vine Stalker growth]
  1863 | D:2      | Reached XP level 4. HP: 17/21 MP: 8/8
  2564 | D:3      | Found a transporter.
  2597 | D:3      | Found a transporter.
  2598 | D:3      | Noticed da312102's ghost (amateur GrFi)
  2753 | D:3      | Reached XP level 5. HP: 25/25 MP: 9/9
  2926 | D:4      | Noticed an ogre
  2995 | D:4      | Noticed Menkaure
  3016 | D:2      | Reached skill level 1 in Fighting
  3016 | D:2      | Reached skill level 5 in Unarmed Combat
  3156 | D:3      | Killed Menkaure
  3157 | D:3      | Reached XP level 6. HP: 30/30 MP: 10/10
  3335 | D:3      | Reached skill level 6 in Unarmed Combat
  3364 | D:4      | Noticed Eustachio
  3376 | D:4      | Killed Eustachio
  3377 | D:4      | Reached XP level 7. HP: 13/33 MP: 1/11
  3741 | D:4      | Reached skill level 7 in Unarmed Combat
  3809 | D:4      | Reached *** piety under Makhleb
  4834 | D:5      | Entered Level 5 of the Dungeon
  4854 | D:5      | HP: 1/34 [scorpion (3)]
  4855 | D:5      | Succumbed to a scorpion's poison

Illustrated notes

Levels and vault maps discovered:
D:1:      eino_arrival_water_cross, layout_loops_corners,
          shapermc_ecumenical_altar_starsandcircs, grunt_decor_clamped
D:2:      layout_basic, minmay_misc_feat_pillars, dk_vineyard_3
D:3:      layout_basic, serial_corexii_hall, corexii_hall_statues_x,
          corexii_hall_statues_t, corexii_hall_statues_x,
          gammafunk_ghost_mausoleum, chequers_arboretum
D:4:      layout_basic, chequers_serial_rivers_large_b, uniq_menkaure,
          uniq_eustachio
D:5:      layout_rooms, chequers_serial_rivers_micro_d, uniq_grinder, uniq_ijyb

Skill      XL: |  1  2  3  4  5  6  7 |
---------------+----------------------+-----
Unarmed Combat | 4 5 6 7 |  7.6
Invocations    | 1 2 3 |  3.1
Fighting       | 1 |  1.8
Dodging        | 2 |  2.7
Spellcasting   | |  2.1
Transmutations | |  2.0

Action                   |  1- 3 |  4- 6 |  7- 9 || total
-------------------------+-------+-------+-------++-------
Melee: Unarmed           |    85 |    66 |    97 ||   248
       Bite              |    19 |    17 |    25 ||    61
       Punch             |     4 |     3 |     3 ||    10
       Kick              |     3 |    11 |       ||    14
       Headbutt          |       |     9 |     1 ||    10
 Cast: Beastly Appendage |     2 |     8 |       ||    10
Invok: Minor Destruction |       |       |     1 ||     1
  Use: Potion            |       |       |     2 ||     2
 Stab: Sleeping          |     5 |       |       ||     5
       Distracted        |       |       |     2 ||     2
Armor: Robe              |    12 |    17 |     8 ||    37
Dodge: Dodged            |    44 |    68 |    47 ||   159
